 Dungeon Crawl Stone Soup version 0.12.2-12-gd1dd697 (webtiles) character file.

265 Rycklaryybbe the Sneak (level 4, -4/21 HPs)
             Began as a Spriggan Enchanter on July 19, 2013.
             Slain by a hill giant zombie (25 damage)
             ... on Level 3 of the Dungeon.
             The game lasted 00:05:14 (2538 turns).

Rycklaryybbe the Sneak (Spriggan Enchanter)         Turns: 2538, Time: 00:05:14

HP  -4/21        AC  3     Str  5      XL: 4   Next: 53%
MP  10/13        EV 18     Int 16      God:
Gold 160         SH  0     Dex 16      Spells:  4 memorised,  1 level left

Res.Fire  : . . .   See Invis. : +   m - +2 elf dagger (flame)
Res.Cold  : . . .   Warding    : .   b - +1 robe
Life Prot.: . . .   Conserve   : .   (shield restricted)
Res.Poison: .       Res.Corr.  : .   (helmet restricted)
Res.Elec. : .       Clarity    : .   (no cloak)
Sust.Abil.: . .     Spirit.Shd : .   (gloves unavailable)
Res.Mut.  : .       Stasis     : .   (boots unavailable)
Res.Rott. : .       Ctrl.Telep.: .   (no amulet)
Saprovore : . . .   Flight     : .   (no ring)
                                     g - ring of invisibility

@: very quick, slightly resistant to hostile enchantments, quite stealthy
A: unfitting armour, see invisible, herbivore 3, speed 3, slow metabolism 2
a: Evoke Invisibility


You were on level 3 of the Dungeon.
You were not hungry.

You visited 1 branch of the dungeon, and saw 3 of its levels.

You collected 140 gold pieces.

Inventory:

Hand weapons
 a - a +1,+1 dagger {=f}
 m - a +2,+2 elven dagger of flaming (weapon)
 o - a +0,+0 spear
Missiles
 d - 6 darts (quivered)
Armour
 b - a +1 robe (worn)
Magical devices
 p - a wand of frost (16) {unknown}
Comestibles
 u - 3 bread rations
Scrolls
 h - 3 scrolls of identify {unknown}
 i - 2 scrolls of teleportation {unknown}
 j - 2 scrolls of enchant armour {unknown}
 l - 4 scrolls of remove curse {unknown}
 n - a scroll of curse jewellery {unknown}
 s - a scroll of enchant weapon I {unknown}
 t - a scroll of fog {unknown}
 v - a scroll of random uselessness {unknown}
Jewellery
 g - a ring of invisibility (left hand)
 q - a cursed ring of teleportation {unknown}
Potions
 e - a potion of porridge
 f - 5 potions of curing {unknown}
 k - a potion of brilliance {unknown}
 r - a potion of resistance {unknown}
Books
 c - a book of Maledictions

   Spells                             Type                      Level
   *Corona                            Hexes                        1
   *Sure Blade                        Hexes/Charms                 2
   *Ensorcelled Hibernation           Hexes/Ice                    2
   *Confuse                           Hexes                        3
   Enslavement                        Hexes                        4
   Invisibility                       Hexes                        6


   Skills:
 - Level 1.1 Short Blades
 - Level 1.1 Throwing
 - Level 3.0 Dodging
 - Level 6.0 Stealth
 - Level 2.0 Stabbing
 + Level 3.4 Spellcasting
 - Level 3.6 Hexes


You had one spell level left.
You knew the following spells:

 Your Spells              Type           Power        Failure   Level  Hunger
a - Corona                Hex            ###.....     6%          1    None
b - Ensorcelled Hibernat  Hex/Ice        ##.....      14%         2    ##.....
c - Confuse               Hex            ###......    14%         3    ###....
d - Sure Blade            Hex/Chrm       ##........   14%         2    ##.....


Dungeon Overview and Level Annotations

Branches:
Dungeon (3/27)

Altars:

Annotations
D:2 Crazy Yiuf


Innate Abilities, Weirdness & Mutations

You are tiny and cannot use many weapons and most armour.
You have supernaturally acute eyesight.
You are a herbivore.
You cover ground extremely quickly.
You need consume almost no food.


Message History

There is an open door here.
Found a mace.
You see here a mace.
u - 3 bread rations (gained 1)
v - a scroll labeled PSIT FIAXYSUGE You now have 160 gold pieces (gained 13).
You hit the hill giant zombie. You burn the hill giant zombie.
The hill giant zombie barely misses you. (m)acro, (M)acro raw, keymap [(k) default, (x) level-map, (t)argetting, (c)onfirm, m(e)nu], (s)ave?
Input macro trigger key: 3 Input macro action: zc Created macro '3' => 'zc'.
Casting: Ensorcelled Hibernation
Confirm with . or Enter, or press ? or * to list all spells.
Aiming: Confuse
Press: ? - help, Shift-Dir - straight line, f - hill giant zombie
Aim: a hill giant zombie The hill giant zombie resists.
The hill giant zombie hits you!
Ouch! That really hurt!
You die...

######### #.......# #........
.. ########## #.######.
....######..>.....# #.# #.
.........##........# #.# ##.
#..#........###.# #..
######.............#.# ##..
###...##.##..@Z....#...# ##...
##........####>########.###...#
##......#### #..## ####...##
##....#### ##..## ##...#
....### ##..# #...## ...##
######'#######...# ..##
#.........#..#...### ###
#####.........#.###.....
##########...+.........'.#
#.....


You could see a hill giant zombie.

Vanquished Creatures
  A worker ant zombie (D:3)
  An adder (D:2)
  3 giant mites
  A worm (D:2)
  2 giant geckos (D:1)
  A ball python (D:2)
  A giant cockroach (D:2)
  7 hobgoblins
  A quokka (D:3)
  8 bats
  6 goblins
  3 kobolds
  7 rats
42 creatures vanquished.

Notes
Turn   | Place    | Note
--------------------------------------------------------------
     0 | D:1      | Rycklaryybbe, the Spriggan Enchanter, began the quest for the Orb.
     0 | D:1      | Reached XP level 1. HP: 9/9 MP: 4/4
   422 | D:1      | Reached XP level 2. HP: 13/13 MP: 6/6
   460 | D:1      | Reached skill level 4 in Stealth
   691 | D:1      | Learned a level 2 spell: Ensorcelled Hibernation
   850 | D:1      | Reached skill level 5 in Stealth
   850 | D:1      | Reached XP level 3. HP: 16/16 MP: 9/9
  1284 | D:2      | Reached skill level 6 in Stealth
  1607 | D:2      | Reached XP level 4. HP: 21/21 MP: 12/12
  1711 | D:2      | Noticed Crazy Yiuf
  2349 | D:3      | Noticed a hill giant zombie
  2418 | D:3      | Learned a level 3 spell: Confuse
  2421 | D:3      | Learned a level 2 spell: Sure Blade
  2538 | D:3      | Slain by a hill giant zombie

Action                   |  1- 3 |  4- 6 || total
-------------------------+-------+-------++-------
Melee: Dagger            |   109 |    29 ||   138
Throw: Dart              |    19 |       ||    19
 Cast: Corona            |     2 |       ||     2
       Ensorcelled Hiber |     3 |     1 ||     4
       Confuse           |       |     1 ||     1
 Stab: Sleeping          |    11 |     2 ||    13
